 Dungeon Sprint DCSS version 0.25-a0-869-g05d4e06a41 (webtiles) character file.

Game seed: 898092210640580765, levelgen mode: deterministic

526 Conn the Thaumaturge (level 7, -2/42 HPs)
             Began as an Octopode Wizard on May 1, 2020.
             Was an Initiate of Sif Muna.
             Slain by Sonja
             ... wielding a +0 short sword of distortion
              (19 damage)
             ... in the Dungeon (Sprint I: "Red Sonja").
             The game lasted 00:08:30 (982 turns).

Conn the Thaumaturge (Octopode Wizard)               Turns: 982, Time: 00:08:31

Health: -2/42      AC:  1    Str:  6    XL:     7   Next: 23%
Magic:  4/20       EV: 15    Int: 22    God:    Sif Muna [......]
Gold:   323        SH:  0    Dex: 11    Spells: 15/26 levels left

rFire    . . .     SeeInvis .   f - +0 dagger
rCold    . . .     Gourm    .   (no shield)
rNeg     . . .     Faith    .   a - +0 hat
rPois    .         Spirit   .   (no amulet)
rElec    .         Reflect  .   (no ring)
rCorr    .         Harm     .   (no ring)
MR       .....     NoTele   +   (no ring)
Stlth    ++++......             (no ring)
HPRegen  0.14/turn              (no ring)
MPRegen  0.17/turn              (no ring)
                                (no ring)
                                (no ring)

@: no status effects
A: almost no armour, stealthy swim, amphibious, 8 rings, constrict 8, camouflage
1, gelatinous body 1
a: Renounce Religion


You were in the Dungeon.
You worshipped Sif Muna.
Sif Muna was noncommittal.
You were not hungry.

You visited 1 branch You collected 405 gold pieces.
You spent 82 gold pieces at shops.

Inventory:

Hand Weapons
 f - a +0 dagger (weapon)
Armour
 a - a +0 hat (worn)
Scrolls
 i - a scroll of blinking
Potions
 d - a potion of curing
 g - a potion of magic
 h - a potion of berserk rage
Comestibles
 c - a ration


   Skills:
 + Level 0.6 Fighting
 + Level 4.9 Dodging
 + Level 7.3 Stealth
 + Level 10.0 Spellcasting
 * Level 6.0 Conjurations
 + Level 3.9 Summonings
 + Level 2.2 Translocations
 * Level 2.6 Fire Magic
 + Level 1.9 Air Magic
 - Level 2.0 Poison Magic


You had 15 spell levels left.
You knew the following spells:

 Your Spells              Type           Power        Failure   Level  Hunger
a - Magic Dart            Conj           ####         1%          1    None
b - Blink                 Tloc           N/A          3%          2    None
c - Call Imp              Summ           ####....     1%          2    None
d - Conjure Flame         Conj/Fire      ####....     3%          3    None
e - Mephitic Cloud        Conj/Pois/Air  ####....     4%          3    None

Your spell library contained the following spells:

 Spells                   Type           Power        Failure   Level  Hunger
 Slow                     Hex            ##......     9%          2    None


Dungeon Overview and Level Annotations

Branches:
Dungeon (1/1)

Altars:
Cheibriados
Dithmenos
Elyvilon
Fedhas
Gozag
Hepliaklqana
Kikubaaqudgha
Makhleb
Nemelex Xobeh
Okawaru
Qazlal
Ru
Sif Muna
Trog
Uskayaw
Vehumet
Wu Jian
Xom
Yredelemnul
Zin
The Shining One
Jiyva
Lugonu

Shops:
D ?

Annotations:
D Sonja


Innate Abilities, Weirdness & Mutations

You cannot wear most types of armour.
You are very stealthy in the water. (Stealth+)
You are amphibious.
You can wear up to eight rings at the same time.
You can use your tentacles to constrict eight enemies at once.
Your skin changes colour to match your surroundings (Stealth+).
Your rubbery body absorbs attacks. (AC +1, EV +1)


Message History

You aren't carrying any items that you can evoke.
Casting: Mephitic Cloud (mildly dangerous; 4% risk of failure)
Confirm with . or Enter, or press ? or * to list all spells.
A beastly little devil appears in a puff of flame.
Sonja is engulfed in noxious fumes. x2; Sonja appears confused.
Sonja gestures wildly.
Your crimson imp misses Sonja.
Casting: Call Imp (safe; 1% risk of failure)
Confirm with . or Enter, or press ? or * to list all spells.
A beastly little devil appears in a puff of flame.
Sonja misses you. Sonja barely misses you.
Sonja hits you with a +0 short sword of distortion.
* * * LOW HITPOINT WARNING * * *
Space bends around you.
* * * LOW HITPOINT WARNING * * *
Your crimson imp closely misses Sonja.
You feel much better. Sonja misses you. Sonja barely misses you.
Sonja hits you with a +0 short sword of distortion.
Space warps horribly around you!!
You die...

######################
#<.#..'..#..'..#__#..+
#.['..#.)'..#..'..'..#
#..#####'#####'#__####
#..####..#@5.#[####
#.)#__####5K##(#
#..#_____##'#_.+
#⌠⌠#_.∩...'..._#
####_..__##°.#'#
#_____###○#)# #######
#.### +$.$+ #$.$#


You could see Sonja (confused) and 2 friendly crimson imps.

Vanquished Creatures
  A slime creature (D)
  A yak (D)
  Ijyb (D)
3 creatures vanquished.

Vanquished Creatures (collateral kills)
  Sigmund (D)
  An ogre (D)
  A jelly (D)
3 creatures vanquished.

Vanquished Creatures (others)
  A gargoyle (D)
1 creature vanquished.

Grand Total: 7 creatures vanquished

Notes
Turn   | Place    | Note
-------+----------+-------------------------------------------
     0 | D        | Conn the Octopode Wizard began the quest for the Orb.
     0 | D        | Reached XP level 1. HP: 11/11 MP: 4/4
     1 | D        | Noticed Ijyb
    18 | D        | Killed Ijyb
    18 | D        | Reached skill level 5 in Spellcasting
    18 | D        | Reached XP level 2. HP: 11/17 MP: 0/8
    18 | D        | Reached XP level 3. HP: 14/21 MP: 0/9
    22 | D        | Learned a level 2 spell: Blink
    25 | D        | Learned a level 2 spell: Call Imp
    29 | D        | Learned a level 3 spell: Conjure Flame
    33 | D        | Learned a level 3 spell: Mephitic Cloud
   135 | D        | Noticed an ogre
   304 | D        | Killed an ogre
   304 | D        | Reached skill level 6 in Spellcasting
   304 | D        | Reached XP level 4. HP: 6/27 MP: 1/12
   393 | D        | Killed a gargoyle
   546 | D        | Noticed Sigmund
   558 | D        | Killed Sigmund
   558 | D        | Reached skill level 5 in Stealth
   558 | D        | Reached skill level 8 in Spellcasting
   558 | D        | Reached skill level 1 in Air Magic
   558 | D        | Reached XP level 5. HP: 31/31 MP: 3/15
   640 | D        | Found an ornate altar of the Wu Jian Council.
   640 | D        | Found a shimmering blue altar of Sif Muna.
   665 | D        | Found a radiant altar of Vehumet.
   673 | D        | Became a worshipper of Sif Muna the Loreminder
   698 | D        | Found Roirerra's Magic Scroll Emporium.
   698 | D        | Found an ancient bone altar of Kikubaaqudgha.
   698 | D        | Found a hazy altar of Hepliaklqana.
   698 | D        | Found a stormy altar of Qazlal.
   698 | D        | Found a hide-covered altar of Uskayaw.
   698 | D        | Found a blossoming altar of Fedhas.
   698 | D        | Found a bloodstained altar of Trog.
   698 | D        | Found an iron altar of Okawaru.
   698 | D        | Found a basalt altar of Yredelemnul.
   698 | D        | Found a glowing golden altar of the Shining One.
   698 | D        | Found a snail-covered altar of Cheibriados.
   698 | D        | Found a sacrificial altar of Ru.
   698 | D        | Found a glowing silver altar of Zin.
   698 | D        | Found a shadowy altar of Dithmenos.
   698 | D        | Found a white marble altar of Elyvilon.
   698 | D        | Noticed a yak
   699 | D        | Found an opulent altar of Gozag.
   699 | D        | Found a sparkling altar of Nemelex Xobeh.
   708 | D        | Killed a yak
   708 | D        | Reached skill level 9 in Spellcasting
   708 | D        | Reached skill level 5 in Conjurations
   708 | D        | Reached XP level 6. HP: 31/36 MP: 11/18
   710 | D        | Bought a scroll of blinking for 82 gold pieces
   750 | D        | Found a burning altar of Makhleb.
   750 | D        | Found a viscous altar of Jiyva.
   750 | D        | Found a shimmering altar of Xom.
   750 | D        | Found a corrupted altar of Lugonu.
   750 | D        | Noticed a slime creature
   760 | D        | Killed a slime creature
   760 | D        | Reached skill level 10 in Spellcasting
   760 | D        | Reached XP level 7. HP: 16/42 MP: 14/20
   970 | D        | Noticed Sonja
   982 | D        | Slain by Sonja

Levels and vault maps discovered:
D:        dungeon_sprint_1 [red_sonja_temple_1, red_sonja_temple_small_1]

Skill      XL: |  1  2  3  4  5  6 |
---------------+-------------------+-----
Dodging        | 3 4 |  4.9
Stealth        | 3 4 5 6 7 |  7.3
Spellcasting   | 5 6 8 9 10 | 10.0
Conjurations   | 2 4 5 6 |  6.0
Summonings     | 2 3 |  3.9
Air Magic      | 1 |  1.9
Poison Magic   | 2 |  2.0
Translocations | 2 |  2.2
Fire Magic     | 2 |  2.6
Fighting       | |  0.6

Action                   |  1- 3 |  4- 6 |  7- 9 || total
-------------------------+-------+-------+-------++-------
Melee: Unarmed           |    11 |       |       ||    11
       Tentacles         |     4 |     1 |       ||     5
       Constrict         |     1 |       |       ||     1
       Dagger            |       |    15 |       ||    15
 Cast: Magic Dart        |     3 |     4 |       ||     7
       Call Imp          |     3 |     4 |     2 ||     9
       Mephitic Cloud    |     1 |     2 |     3 ||     6
       Conjure Flame     |       |     2 |     1 ||     3
       Blink             |       |     1 |     1 ||     2
  Use: Potion            |     2 |       |     1 ||     3
       Scroll            |     1 |       |       ||     1
 Stab: Confused          |       |     3 |       ||     3
       Sleeping          |       |     1 |       ||     1
Armor: Skin              |     1 |       |       ||     1
Dodge: Dodged            |     3 |     4 |     6 ||    13

Table legend:
 A = Non-vault XP
 B = Vault XP
 C = Vault XP percentage of total XP
 D = Non-vault monster count
 E = Vault monster count
 F = Vault count percentage of total count
                 A         B        C        D         E       F
            +---------+---------+-------+---------+---------+-------
      Total |       0 |     752 | 100.0 |       0 |       6 | 100.0
            +---------+---------+-------+---------+---------+-------
          D |       0 |     752 | 100.0 |       0 |       6 | 100.0
            +---------+---------+-------+---------+---------+-------
